 Dungeon Crawl Stone Soup version 0.29.1-12-g30fa7ad0bf (webtiles) character file.

Game seed: 6212012267720969530

1713 xian the Skirmisher (level 9, 0/69 HPs)
             Began as a Formicid Hunter on Dec 17, 2022.
             Slain by an ice beast (13 damage)
             ... on level 7 of the Dungeon.
             The game lasted 00:09:28 (5508 turns).

xian the Skirmisher (Formicid Hunter)               Turns: 5508, Time: 00:09:28

Health: 0/69       AC: 11    Str: 19    XL:     9   Next: 24%
Magic:  9/9        EV:  8    Int: 13    God:
Gold:   377        SH:  0    Dex: 17    Spells: 8/8 levels left

rFire   . . .      SeeInvis +   r - +8 sling "Pevov" {vorpal, Int+3}
rCold   . . .      Faith    .   (no shield)
rNeg    . . .      Spirit   .   g - +0 chain mail
rPois   .          Reflect  .   (helmet unavailable)
rElec   .          Harm     .   (no cloak)
rCorr   .          Rampage  .   (no gloves)
Will    .....                   w - +0 pair of boots
Stlth   ..........              (no amulet)
HPRegen 0.21/turn               (no ring)
MPRegen 0.11/turn               (no ring)

@: no status effects
A: permanent stasis, dig shafts and tunnels, antennae 3, four strong arms
a: Dig, Shaft Self


You were on level 7 of the Dungeon.
You visited 1 branch of the dungeon, and saw 7 of its levels.

You collected 377 gold pieces.

Inventory:

Hand Weapons
 e - a +2 falchion of freezing
 r - the +8 sling "Pevov" (weapon) {vorpal, Int+3}
   (You found it on level 4 of the Dungeon)

   Any ammunition fired from it inflicts extra damage upon your enemies.
   Int:       It affects your intelligence (+3).
Armour
 g - a +0 chain mail (worn)
 w - a +0 pair of boots (worn)
Jewellery
 t - a ring of resist corrosion
Wands
 x - a wand of acid (8)
Scrolls
 b - 2 scrolls of immolation
 f - 2 scrolls of enchant armour {unknown}
 h - 2 scrolls of poison {unknown}
 i - 4 scrolls of identify {unknown}
 l - 4 scrolls of teleportation {unknown}
 n - 2 scrolls of amnesia {unknown}
 s - 2 scrolls of magic mapping {unknown}
 u - a scroll of vulnerability {unknown}
Potions
 a - 2 potions of flight {unknown}
 c - 9 potions of curing {unknown}
 d - 2 potions of heal wounds
 j - a potion of ambrosia {unknown}
 k - 2 potions of resistance {unknown}
 m - 2 potions of lignification {unknown}
 o - 2 potions of haste {unknown}
 p - a potion of brilliance {unknown}
 q - 2 potions of cancellation {unknown}
 v - a potion of invisibility {unknown}


   Skills:
 + Level 5.7 Fighting
 + Level 9.2 Ranged Weapons
 + Level 5.9 Armour
 + Level 2.2 Dodging
 + Level 1.5 Stealth


You had 8 spell levels left.
You didn't know any spells.
Your spell library contained the following spells:

 Spells                   Type           Power      Damage    Failure   Level
 Necrotise                Necr           0%         1d4       97%         1
 Ensorcelled Hibernation  Hex/Ice        0%         N/A       99%         2
 Passwall                 Tmut/Erth      0%         N/A       99%         2
 Vampiric Draining        Necr           0%         2d6       100%        3
 Agony                    Necr           0%         N/A       100%        5
 Swiftness                Air            Unusable   N/A       N/A         3

Dungeon Overview and Level Annotations

Branches:
Dungeon (7/15)
 Temple: D:4-7

Altars:
Cheibriados
Dithmenos
Elyvilon
Hepliaklqana
Makhleb
Nemelex Xobeh
Okawaru
Qazlal
Trog
Uskayaw
Vehumet
Yredelemnul
The Shining One


Innate Abilities, Weirdness & Mutations

You cannot be hasted, slowed, berserked, paralysed or teleported.
You can dig through walls and to a lower floor.
You have a pair of large antennae on your head. (SInv)
Your four strong arms can wield two-handed weapons with a shield.


Message History

The ice beast hits you but does no damage.
Unknown command.
You are too injured to fight recklessly!
You are too injured to fight recklessly!
You are too injured to fight recklessly!
You are too injured to fight recklessly!
Unknown command.
The orc priest miscasts a cantrip.
You see here an adder corpse.
The orc priest invokes the aid of Beogh against you.
Beogh smites you! The ice beast attacks as you move away!
The ice beast hits you. The ice beast freezes you!
* * * LOW HITPOINT WARNING * * *
The ice beast attacks as you move away! The ice beast barely misses you.
The ice beast attacks as you move away! The ice beast hits you.
* * * LOW HITPOINT WARNING * * *
The ice beast freezes you!
* * * LOW HITPOINT WARNING * * *
You feel much better. The ice beast barely misses you.
The ice beast attacks as you move away!
The ice beast hits you but does no damage.
The orc priest calls down the wrath of Beogh upon you.
Beogh smites you!
* * * LOW HITPOINT WARNING * * *
The orc priest looks satisfied for a moment.
There is a stone staircase leading down here.
The ice beast hits you but does no damage.
You climb downwards.
Found an iron altar of Okawaru.
Found a stone staircase leading up.
There is a stone staircase leading up here.
Fire: r) +8 sling "Pevov" {vorpal, Int+3}
Press: ? - help, Q - select action, (/) - cycle Shift-Dir - straight line, f - ice beast
Aim: an ice beast (heavily wounded, 71% to hit)
You shoot a sling bullet. The sling bullet hits the ice beast.
The ice beast is almost dead.
The ice beast hits you.
* * * LOW HITPOINT WARNING * * *
The ice beast freezes you!
You die...

# .####.
......######
##..<.....#
#.....@Y..#
#.........##
........#.#
.≈≈.≈≈..#.#
..≈.≈.... #
≈.....≈..
≈≈...≈≈..
..._......


You could see an ice beast.

Vanquished Creatures
  Sigmund (D:5)
  A steam dragon (D:5)
  3 ice beasts
  A black bear (D:6)
  An ogre (D:4)
  2 phantoms
  3 scorpions
  A bullfrog (D:4)
  2 necrophages (D:6)
  3 hounds
  A gnoll bouda (D:5)
  5 iguanas
  An orc wizard (D:6)
  3 gnolls (D:5)
  7 adders
  A shadow imp (D:6)
  2 white imps
  3 worms (D:3)
  12 orcs
  6 ball pythons
  8 endoplasms
  3 giant cockroaches (D:2)
  7 goblins
  7 hobgoblins
  2 jackals (D:1)
  6 kobolds
  2 quokkas
  5 bats
  2 frilled lizards (D:5)
  7 rats
  A spectral orc (D:5)
109 creatures vanquished.

Notes
Turn   | Place    | Note
-------+----------+-------------------------------------------
     0 | D:1      | xian the Formicid Hunter began the quest for the Orb.
     0 | D:1      | Reached XP level 1. HP: 16/16 MP: 1/1
    34 | D:1      | Reached XP level 2. HP: 14/23 MP: 2/2
   714 | D:2      | Reached XP level 3. HP: 28/28 MP: 3/3
   856 | D:2      | Found a burning altar of Makhleb.
  1135 | D:3      | Found a white marble altar of Elyvilon.
  1211 | D:3      | Reached XP level 4. HP: 28/34 MP: 4/4
  1344 | D:3      | Reached skill level 5 in Ranged Weapons
  1655 | D:3      | Found a faded altar of an unknown god.
  1680 | D:3      | Found a hazy altar of Hepliaklqana.
  1702 | D:3      | Noticed a phantom
  1707 | D:3      | Killed a phantom
  1708 | D:3      | Reached skill level 1 in Armour
  1708 | D:3      | Reached XP level 5. HP: 30/41 MP: 5/5
  1794 | D:3      | Found a glowing golden altar of the Shining One.
  1798 | D:3      | Found a radiant altar of Vehumet.
  1801 | D:3      | Found a sparkling altar of Nemelex Xobeh.
  1987 | D:3      | Found a snail-covered altar of Cheibriados.
  2058 | D:3      | Found a shadowy altar of Dithmenos.
  2416 | D:4      | Reached skill level 6 in Ranged Weapons
  2416 | D:4      | Reached XP level 6. HP: 43/47 MP: 6/6
  3034 | D:4      | Noticed an ogre
  3046 | D:4      | Killed an ogre
  3047 | D:4      | Reached XP level 7. HP: 31/54 MP: 7/7
  3286 | D:4      | Found a hide-covered altar of Uskayaw.
  3332 | D:4      | Identified the +8 sling "Pevov" {vorpal, Int+3}
  3567 | D:5      | Entered Level 5 of the Dungeon
  3784 | D:5      | Reached skill level 7 in Ranged Weapons
  4129 | D:5      | Noticed Sigmund
  4141 | D:5      | Killed Sigmund
  4142 | D:5      | Reached XP level 8. HP: 61/61 MP: 8/8
  4198 | D:5      | Found a basalt altar of Yredelemnul.
  4444 | D:5      | Found a bloodstained altar of Trog.
  4530 | D:5      | Found a stormy altar of Qazlal.
  4763 | D:6      | HP: 2/61 [steam dragon (4)]
  4777 | D:5      | Reached skill level 5 in Fighting
  4777 | D:5      | Reached skill level 8 in Ranged Weapons
  5056 | D:5      | Reached skill level 5 in Armour
  5227 | D:6      | Reached XP level 9. HP: 68/68 MP: 9/9
  5365 | D:6      | Reached skill level 9 in Ranged Weapons
  5498 | D:6      | HP: 2/69 [ice beast (8)]
  5507 | D:7      | Found an iron altar of Okawaru.
  5508 | D:7      | Slain by an ice beast

Illustrated notes

Levels and vault maps discovered:
D:1:      erik_arrival_triangle_medium, layout_rooms, hex_medium, st_stairs_14
D:2:      layout_rooms, basic_altar, chequers_mini_garden
D:3:      layout_basic, general_overflow_altar,
          mainiacjoe_overflow_surrounded_room, nicolae_hepliaklqana_hazy_memory,
          slow_altar_2, grunt_temple_overflow_diamond, basic_ecumenical_altar,
          feat_on_display
D:4:      layout_cave_pools, nicolae_uskayaw_murder_on_the_dancefloor
D:5:      layout_basic, yredelemnul_forgotten_temple_becter,
          nicolae_qazlal_eye_of_the_storm, trog_butcher_becter, uniq_sigmund
D:6:      minmay_spotlight, layout_cave_pools, pf_just_have_faith,
          minmay_temple_entry_fiery, nicolae_water_bricks
D:7:      layout_loops_ring, old_standard_altar, nicolae_overflow_crystal_walls,
          mainiacjoe_overflow_small_starburst

Skill      XL: |  1  2  3  4  5  6  7  8  9 |
---------------+----------------------------+-----
Ranged Weapons | 5 6 7 8 9 |  9.2
Fighting       | 3 4 5 |  5.7
Armour         | 1 2 4 5 |  5.9
Dodging        | 2 |  2.2
Stealth        | |  1.5

Action                   |  1- 3 |  4- 6 |  7- 9 || total
-------------------------+-------+-------+-------++-------
 Fire: Shortbow          |   102 |   137 |    14 ||   253
       Sling             |       |       |   148 ||   148
 Abil: Dig               |     4 |       |       ||     4
  Use: Potion            |       |       |     4 ||     4
Armor: Leather armour    |     3 |       |       ||     3
       Chain mail        |    27 |    57 |    71 ||   155
       Scale mail        |     4 |       |       ||     4
Dodge: Dodged            |    25 |    50 |    50 ||   125
